 Dungeon Crawl Stone Soup version 0.21-a0-216-g6d3fd91 (webtiles) character file.

10996 tof the Protected (level 11, -5/104 HPs)
             Began as a Minotaur Berserker on Aug 23, 2017.
             Was a High Priest of Trog.
             Slain by a skeletal warrior
             ... wielding a +0 trident
             ... led by a skeletal warrior
              (11 damage)
             ... on level 11 of the Dungeon.
             The game lasted 00:26:18 (10292 turns).

tof the Protected (Minotaur Berserker)             Turns: 10292, Time: 00:26:18

Health: -5/104     AC: 17    Str: 24    XL:     11   Next: 43%
Magic:  10/10      EV: 17    Int:  6    God:    Trog [*****.]
Gold:   562        SH:  0    Dex: 16    Spells: 10/10 levels left

rFire    . . .     SeeInvis .   J - +7 whip of Kismet {pain, Fragile rPois rN+ Dex+3}
rCold    . . .     Gourm    .   (no shield)
rNeg     + . .     Faith    .   I - +3 ring mail {MR+}
rPois    +         Spirit   .   (helmet restricted)
rElec    .         Reflect  .   (no cloak)
rCorr    .         Harm     .   (no gloves)
MR       +....                  R - +0 pair of boots
Stlth    +.........             (no amulet)
HPRegen  0.27/turn              T - +4 ring of intelligence
MPRegen  0.12/turn              p - +5 ring of protection

@: berserk cooldown, slowed, very slow
A: retaliatory headbutt, horns 2, blink, dopey 1, strong 1
a: Blink, Berserk, Trog's Hand, Brothers in Arms, Burn Spellbooks, Renounce
Religion


You were on level 11 of the Dungeon.
You worshipped Trog.
Trog was extremely pleased with you.
You were hungry.

You visited 1 branch of the dungeon, and saw 11 of its levels.

You collected 730 gold pieces.
You spent 168 gold pieces at shops.

Inventory:

Hand Weapons
 D - a +0 war axe of venom
 J - the +7 whip of Kismet (weapon) {pain, Fragile rPois rN+ Dex+3}
   (You found it on level 8 of the Dungeon)

   In the hands of one skilled in necromantic magic, it inflicts extra damage on
   living creatures.
   It affects your dexterity (+3).
   It protects you from poison.
   It protects you from negative energy.
   It will be destroyed if unequipped.
 U - a +2 great mace of protection
Armour
 I - a +3 ring mail of magic resistance (worn)
 R - a +0 pair of boots (worn)
Jewellery
 h - a +1 ring of slaying
 m - an uncursed ring of protection from fire
 p - a +5 ring of protection (right hand)
 P - an uncursed ring of poison resistance
 T - a +4 ring of intelligence (left hand)
Wands
 e - a wand of scattershot (2/9)
 v - a wand of flame (28/48)
 C - a wand of lightning (3/15)
 E - a wand of flame (15/48)
 G - a wand of confusion (18/48)
 K - a wand of flame (21/48)
 Q - a wand of flame (27/48)
 S - a wand of random effects (8/48)
 W - a wand of paralysis (8/24)
Scrolls
 a - 3 scrolls of remove curse
 j - 2 scrolls of recharging {unknown}
 n - 2 scrolls of amnesia {unknown}
 o - 2 scrolls of blinking {unknown}
 r - 5 scrolls of fear
 s - 2 scrolls of enchant armour {unknown}
 t - 3 scrolls of teleportation {unknown}
 u - 3 scrolls of immolation {unknown}
 y - a scroll of enchant weapon {unknown}
 B - 2 scrolls of silence
 N - a scroll of magic mapping {unknown}
Potions
 c - 2 potions of brilliance {unknown}
 d - 2 potions of flight
 f - a potion of haste
 i - 4 potions of might
 k - 3 potions of curing
 w - 6 potions of agility
 x - a potion of ambrosia
 z - 2 potions of lignification
 A - a potion of mutation {unknown}
 F - 3 potions of magic {unknown}
 H - 2 potions of berserk rage {unknown}
 L - a potion of cancellation {unknown}
 M - a potion of heal wounds {unknown}
Books
 O - a book of Maledictions

   Spells                             Type                      Level
   a - Corona                         Hexes                        1
   b - Ensorcelled Hibernation        Hexes/Ice                    2
   c - Confuse                        Hexes                        3
   d - Tukima's Dance                 Hexes                        3
   e - Dazzling Spray                 Conjuration/Hexes            3
   Trog disapproves of the use of such an item.
Comestibles
 b - 10 royal jellies
 g - 2 bread rations
 l - 7 meat rations
 q - 13 fruits
 V - 8 chunks of flesh


   Skills:
 + Level 11.7 Fighting
 - Level 8.0(9.4) Axes
 * Level 7.5(9.2) Maces & Flails
 * Level 12.5 Armour
 + Level 8.4 Dodging


You had 10 spell levels left.
You didn't know any spells.

Dungeon Overview and Level Annotations

Branches:
Dungeon (11/15)            Temple (0/1) D:7            Lair (0/6) D:8
    Orc (0/2) D:10

Altars:
Dithmenos
Elyvilon
Gozag
Hepliaklqana
Makhleb
Nemelex Xobeh
Okawaru
Sif Muna
Vehumet
Wu Jian
Xom

Shops:
D:4 ?   D:6 (   D:10 ([

Portals:
Trove: D:10 (show abyssal rune of Zot)

Annotations:
D:10 trove


Innate Abilities, Weirdness & Mutations

You reflexively headbutt those who attack you in melee.
You have a pair of horns on your head.
You can translocate small distances at will.
You are dopey. (Int -2)
Your muscles are strong. (Str +2)


Message History

The skeletal warrior barely misses you. x2; You furiously retaliate!
You headbutt the skeletal warrior!
You completely miss the skeletal warrior.
You headbutt the skeletal warrior, but do no damage.
The skeletal warrior is moderately damaged.
The skeletal warrior hits you from afar with a glaive!
The skeletal warrior hits you from afar with a trident!
* * * LOW HITPOINT WARNING * * *
The skeletal warrior hits you with a trident!!
* * * LOW HITPOINT WARNING * * *
You hit the skeletal warrior but do no damage.
You headbutt the skeletal warrior.
The skeletal warrior is heavily damaged.
The skeletal warrior barely misses you.
The skeletal warrior hits you from afar with a trident.
* * * LOW HITPOINT WARNING * * *
You barely miss the skeletal warrior.
The skeletal warrior is heavily damaged.
The skeletal warrior hits you with a trident!
You die...

#......<.+
#........#
##'#######
#.##
#..######
##......#
######.##
#.....z#####
#.....zz@..#
#.....z###.#
#......# ..#
#......# #.#
#......# ..
#z# #......#
###
#zz..#......#
#........#
###......#


You could see 4 skeletal warriors.

Vanquished Creatures
  A two-headed ogre (D:10)
  A skeletal warrior (D:11)
  An unseen horror (D:10)
  A deep elf mage (D:10)
  Pikel (D:5)
  The ghost of Leszczynek the Grappler, a novice TrSk of the Shining One (D:6)
  Joseph (D:7)
  Psyche (D:10)
  2 trolls
  The ghost of p0werm0de the Insei, an amateur DgWn (D:5)
  2 hippogriffs
  6 yaks (D:9)
  4 hungry ghosts
  3 water moccasins
  4 ice beasts
  5 phantoms
  4 orc warriors
  A sky beast (D:8)
  7 ogres
  A slave (D:5)
  3 centaurs
  A big kobold (D:4)
  A gnoll sergeant (D:10)
  5 bullfrogs
  2 scorpions
  A water moccasin skeleton (D:10)
  4 killer bees (D:9)
  The ghost of p0werm0de the Digger, a weakling DgWn (D:3)
  8 wights
  A howler monkey (D:7)
  2 bullfrog zombies
  6 crimson imps
  7 hounds
  4 orc priests
  7 orc wizards
  A bullfrog skeleton (D:4)
  A centaur skeleton (D:6)
  2 iguanas
  7 worker ants
  A howler monkey zombie (D:7)
  12 gnolls
  16 adders
  4 shadow imps
  2 oozes
  An adder zombie (D:6)
  A dart slug (D:1)
  4 leopard geckos
  30 orcs
  3 ball pythons
  2 giant cockroaches
  10 goblins
  4 hobgoblins
  15 jackals
  22 kobolds
  4 quokkas
  A ball python zombie (D:5)
  10 bats
  3 frilled lizards
  A leopard gecko skeleton (D:8)
  A quokka skeleton (D:6)
  2 quokka zombies (D:8)
  2 rats
  2 plants (D:4)
265 creatures vanquished.

Vanquished Creatures (others)
  A necrophage (D:5)
  A crimson imp (D:5)
  A quokka (D:5)
  A plant (D:4)
4 creatures vanquished.

Grand Total: 269 creatures vanquished

Notes
Turn   | Place    | Note
-------+----------+-------------------------------------------
     0 | D:1      | tof the Minotaur Berserker began the quest for the Orb.
     0 | D:1      | Reached XP level 1. HP: 19/19 MP: 0/0
   412 | D:1      | Reached XP level 2. HP: 22/27 MP: 1/1
   669 | D:1      | Reached skill level 3 in Armour
   761 | D:2      | Reached XP level 3. HP: 31/33 MP: 2/2
  1381 | D:2      | Reached XP level 4. HP: 41/41 MP: 3/3
  1386 | D:2      | Found an ornate altar of the Wu Jian Council.
  1428 | D:2      | Reached ** piety under Trog
  1503 | D:2      | Reached skill level 4 in Armour
  1694 | D:3      | Noticed p0werm0de's ghost (weakling DgWn)
  1711 | D:3      | Killed p0werm0de's ghost
  1711 | D:3      | Reached skill level 5 in Fighting
  1711 | D:3      | Reached XP level 5. HP: 41/48 MP: 4/4
  1905 | D:3      | Found a white marble altar of Elyvilon.
  1965 | D:3      | Found an opulent altar of Gozag.
  2375 | D:4      | Reached *** piety under Trog
  2381 | D:4      | Reached XP level 6. HP: 45/56 MP: 5/5
  2732 | D:4      | Reached skill level 5 in Armour
  2961 | D:4      | Found an iron altar of Okawaru.
  3357 | D:4      | Reached skill level 5 in Axes
  3357 | D:4      | Reached XP level 7. HP: 44/63 MP: 6/6
  3492 | D:4      | Found Waavu Bupp's Magic Scroll Emporium.
  3500 | D:4      | Bought a scroll of fear for 42 gold pieces
  3500 | D:4      | Bought a scroll of noise for 12 gold pieces
  3500 | D:4      | Bought a scroll of identify for 24 gold pieces
  3500 | D:4      | Bought a scroll of silence for 90 gold pieces
  4113 | D:5      | Entered Level 5 of the Dungeon
  4144 | D:5      | Found a shimmering altar of Xom.
  4173 | D:5      | Reached skill level 6 in Armour
  4321 | D:5      | Noticed p0werm0de's ghost (amateur DgWn)
  4524 | D:5      | Killed p0werm0de's ghost
  4653 | D:5      | Found a radiant altar of Vehumet.
  4705 | D:5      | Reached skill level 7 in Armour
  4705 | D:5      | Reached XP level 8. HP: 73/73 MP: 7/7
  4727 | D:5      | Noticed Pikel
  4741 | D:5      | Killed Pikel
  4741 | D:5      | Reached skill level 5 in Dodging
  4883 | D:5      | Found a shadowy altar of Dithmenos.
  4946 | D:5      | Found a hazy altar of Hepliaklqana.
  5009 | D:5      | Reached skill level 8 in Armour
  5161 | D:5      | Found a burning altar of Makhleb.
  5369 | D:6      | Found Vour's Antique Weapon Emporium.
  5369 | D:6      | Found a sparkling altar of Nemelex Xobeh.
  5477 | D:6      | Reached XP level 9. HP: 83/83 MP: 8/8
  5636 | D:6      | Reached **** piety under Trog
  5730 | D:6      | Noticed Leszczynek's ghost (novice TrSk)
  5748 | D:6      | Killed Leszczynek's ghost
  5748 | D:6      | Reached skill level 9 in Armour
  6342 | D:7      | Reached skill level 10 in Fighting
  6454 | D:7      | Found a staircase to the Ecumenical Temple.
  6553 | D:7      | Noticed Joseph
  6561 | D:7      | Killed Joseph
  6561 | D:7      | Reached skill level 10 in Armour
  6717 | D:7      | Reached XP level 10. HP: 87/94 MP: 9/9
  7195 | D:8      | Got a pitted whip
  7196 | D:8      | Identified the +7 whip of Kismet {pain, Fragile rPois rN+ Dex+3} (You found it on level 8 of the Dungeon)
  7354 | D:8      | Reached skill level 1 in Maces & Flails
  7520 | D:8      | Reached ***** piety under Trog
  7642 | D:8      | Found a staircase to the Lair.
  7756 | D:8      | Gained mutation: You are dopey. (Int -2) [mutagenic meat]
  7757 | D:8      | Gained mutation: Your muscles are strong. (Str +2) [mutagenic meat]
  7758 | D:8      | Gained mutation: You can translocate small distances at will. [mutagenic meat]
  8026 | D:9      | Reached skill level 11 in Armour
  8275 | D:9      | Found a deep blue altar of Sif Muna.
  8439 | D:9      | Reached skill level 5 in Maces & Flails
  8815 | D:10     | Entered Level 10 of the Dungeon
  9009 | D:10     | Noticed a deep elf mage
  9017 | D:10     | Killed a deep elf mage
  9017 | D:10     | Reached XP level 11. HP: 80/102 MP: 10/10
  9183 | D:10     | Found Cogarch's Weapon Shop.
  9183 | D:10     | Found a staircase to the Orcish Mines.
  9202 | D:10     | Found Gautir's Armour Shop.
  9396 | D:10     | Noticed a two-headed ogre
  9418 | D:10     | Killed a two-headed ogre
  9418 | D:10     | Reached skill level 12 in Armour
  9602 | D:10     | Noticed Psyche
  9618 | D:10     | Killed Psyche
  9831 | D:10     | Killed an unseen horror
 10022 | D:10     | Received a gift from Trog
 10082 | D:10     | Found a portal to a secret trove of treasure.
 10256 | D:11     | Noticed a skeletal warrior
 10256 | D:11     | Noticed a skeletal warrior
 10256 | D:11     | Noticed a skeletal warrior
 10256 | D:11     | Noticed a skeletal warrior
 10256 | D:11     | Noticed a skeletal warrior
 10275 | D:11     | Killed a skeletal warrior
 10292 | D:11     | Slain by a skeletal warrior

Vault maps used:
D:1:      minmay_arrival_five_plusses
D:2:      lemuel_coloured_pillars_altar, minmay_tromino_i2
D:3:      lemuel_doored_altar, elyvilon_altar_3
D:4:      kennysheep_kobold_camp, nicolae_overflow_crystal_walls, serial_shops,
          shop, serial_bayou, serial_bayou_ford_a, serial_bayou_pond_d,
          serial_bayou_crossing, serial_bayou_shore_a, first_bread
D:5:      old_standard_altar, nicolae_dithmenos_shadow_blocks,
          makhleb_grotto_becter, xom_teletrap_fun, marbit_many_paths,
          kennysheep_generic_room_12, uniq_pikel
D:6:      nemelex_xobeh_ov_fountains_minmay, serial_shops, shop
D:7:      minmay_temple_entry_junction_2, uniq_joseph
D:8:      lair_entry_dummy
D:9:      kennysheep_mini_moat, nicolae_wand_duel
D:10:     orc_david_3, nicolae_trove_entry_free_sample, uniq_grum, uniq_psyche

Skill      XL: |  1  2  3  4  5  6  7  8  9 10 11 |
---------------+----------------------------------+-----
Fighting       | 4 5 6 7 9 10 11 | 11.7
Armour         | 3 4 5 7 8 10 11 12 | 12.5
Axes           | 4 5 6 7 8 |  8.0
Dodging        | 3 4 5 6 7 8 |  8.4
Maces & Flails | 5 7 |  7.5

Action                   |  1- 3 |  4- 6 |  7- 9 | 10-12 || total
-------------------------+-------+-------+-------+-------++-------
Melee: Hand axe          |    54 |   208 |   190 |       ||   452
       Headbutt          |    11 |    24 |    64 |    94 ||   193
       War axe           |       |       |   126 |    34 ||   160
       Whip              |       |       |       |   297 ||   297
Invok: Berserk           |       |     1 |     2 |     1 ||     4
       Trog's Hand       |       |       |     1 |       ||     1
  Use: Potion            |       |     2 |       |       ||     2
       Scroll            |       |       |     9 |       ||     9
  Eat: Chunk             |     1 |     4 |     8 |    13 ||    26
       Bread ration      |       |     1 |     1 |     2 ||     4
Armor: Plate armour      |    48 |   135 |   185 |       ||   368
       Animal skin       |     1 |       |       |       ||     1
       Ring mail         |       |       |     7 |   110 ||   117
Dodge: Dodged            |    14 |    80 |   130 |   191 ||   415

Table legend:
 A = Spawn XP
 B = Non-spawn XP
 C = Spawn XP percentage of total XP
 D = Spawn monster count
 E = Non-spawn monster count
 F = Spawn count percentage of total count
 G = Total turns spent on level
                    A         B        C        D         E        F      G
               +---------+---------+-------+---------+---------+-------+---------
         Total |     929 |   14780 |   5.9 |      36 |     226 |  13.7 | 10292
               +---------+---------+-------+---------+---------+-------+---------
           D:1 |       8 |      19 |  29.6 |       3 |       8 |  27.3 |   685
           D:2 |      59 |      89 |  39.9 |       5 |      19 |  20.8 |  1000
           D:3 |       4 |     145 |   2.7 |       2 |      27 |   6.9 |   581
           D:4 |       0 |     473 |   0.0 |       0 |      35 |   0.0 |  1992
           D:5 |      49 |    1651 |   2.9 |       3 |      17 |  15.0 |  1111
           D:6 |     165 |    1624 |   9.2 |       7 |      32 |  17.9 |   962
           D:7 |     131 |    1345 |   8.9 |       5 |      18 |  21.7 |   737
           D:8 |       0 |    1305 |   0.0 |       0 |      21 |   0.0 |   929
           D:9 |     149 |    2679 |   5.3 |       2 |      24 |   7.7 |   818
          D:10 |     364 |    4426 |   7.6 |       9 |      22 |  29.0 |  1401
          D:11 |       0 |    1024 |   0.0 |       0 |       3 |   0.0 |    76
               +---------+---------+-------+---------+---------+-------+---------
